 Dungeon Crawl Stone Soup version 0.29.1-15-g9cfb28693d (webtiles) character file.

Game seed: 5315219031919258921

5 hawla the Firebug (level 2, -4/24 (30) HPs)
             Began as a Meteoran Fire Elementalist on Mar 21, 2023.
             Slain by a wight
             ... wielding a +0 spear
              (6 damage)
             ... on level 3 of the Dungeon.
             The game lasted 00:01:11 (174 turns).

hawla the Firebug (Meteoran Fire Elementalist)       Turns: 174, Time: 00:01:11

HP:   -4/24 (30)    AC: 21    Str:  9    XL:     2   Next: 5%
MP:   0/6           EV:  2    Int: 16    God:
Gold: 13            SH:  0    Dex: 14    Spells: 3/6 levels left

rFire   . . .      SeeInvis .   (no weapon)
rCold   . . .      Faith    .   (no shield)
rNeg    . . .      Spirit   .   (body armour currently unavailable)
rPois   +          Reflect  .   (helmet currently unavailable)
rElec   .          Harm     .   (cloak currently unavailable)
rCorr   .          Rampage  .   (gloves currently unavailable)
Will    .....      NoTele   +   (boots currently unavailable)
Stlth   +.........              (no amulet)
HPRegen 0.08/turn               (no ring)
MPRegen 0.10/turn               (no ring)

@: tree-form, glowing, heavily drained
A: stationary, stasis, torment immunity, boosted hp, sense surroundings 1,
otherworldly, glowing, explore regen
a: no special abilities


You were on level 3 of the Dungeon.
You were a tree.
You visited 1 branch of the dungeon, and saw 4 of its levels.

You collected 13 gold pieces.

Inventory:

Armour
 a - a +0 robe (melded)
Scrolls
 c - a scroll of poison
Potions
 b - a potion of magic


   Skills:
 + Level 2.8 Dodging
 - Level 1.4 Stealth
 + Level 2.6 Spellcasting
 + Level 1.2 Conjurations
 + Level 3.9 Fire Magic


You had 3 spell levels left.
You knew the following spells:

 Your Spells              Type           Power      Damage    Failure   Level
a - Foxfire               Conj/Fire      40%        2x1d6     7%          1
b - Scorch                Fire           28%        2d6       6%          2

Your spell library contained the following spells:

 Spells                   Type           Power      Damage    Failure   Level
 Conjure Flame            Conj/Fire      10%        6-21      21%         3
 Inner Flame              Hex/Fire       8%         N/A       26%         3
 Flame Wave               Conj/Fire      10%        2d6       56%         4


Dungeon Overview and Level Annotations

Branches:
Dungeon (4/15) Zot: 2225
 Temple: D:4-7

Altars:


Innate Abilities, Weirdness & Mutations

You are a tree.
Your roots penetrate the ground, keeping you stationary.
You cannot be teleported.
You are immune to unholy pain and torment.
Your maximum health is greatly increased.
Your equipment is partially melded.
You passively map a small area around you.
You are easily found by Zot.
You glow in the dark.
You regain HP and MP as you explore.


Message History

The wight is lightly damaged.
The wight's fire resistance burns away.
The foxfire hits the wight but does no damage.
The wight is lightly damaged.
The foxfire hits the wight.
The wight is burned terribly!
The wight is moderately damaged.
The wight closely misses you.
Casting: Scorch (safe; 6% risk of failure)
Confirm with . or Enter, or press ? or * to list all spells.
You don't have enough magic to cast this spell.
Casting: Scorch (safe; 6% risk of failure)
Confirm with . or Enter, or press ? or * to list all spells.
You conjure some foxfire!
The wight closely misses you.
You closely miss the wight.
The wight is moderately damaged.
The foxfire hits the wight.
The wight is burned terribly!
The wight is severely damaged.
The foxfire hits the wight but does no damage.
The wight is severely damaged.
The wight hits you with a +0 spear!
* * * LOW HITPOINT WARNING * * *
You feel drained.
Casting: Foxfire (safe; 7% risk of failure)
Confirm with . or Enter, or press ? or * to list all spells.
You conjure some foxfire!
The wight is no longer more vulnerable to fire.
The wight hits you with a +0 spear.
* * * LOW HITPOINT WARNING * * *
You feel drained.
It was a potion of lignification.
You turn into a tree.
Your +0 robe melds into your body.
Your roots penetrate the ground.
The foxfire hits the wight.
The wight is almost destroyed.
The foxfire hits the wight but does no damage.
The wight is almost destroyed.
The wight hits you but does no damage.
You completely miss the wight.
The wight is almost destroyed.
The wight hits you with a +0 spear.
You die...

, *,,, , * * * , *
* * .# ,, ,
######.##..#
#######...♣§.....#
*
#........z.#......
.#####.#.## .....
* * ###.#..#..#.##
#.......#,* #
#.###.#^#.###,*
#.........# * *
#####.#.### ,
###.#... *


You could see a wight.

Vanquished Creatures
  A ball python (D:1)
  2 hobgoblins
  A kobold (D:2)
4 creatures vanquished.

Vanquished Creatures (others)
  20 foxfires
20 creatures vanquished.

Grand Total: 24 creatures vanquished

Notes
Turn   | Place    | Note
-------+----------+-------------------------------------------
     0 | D:1      | hawla the Meteoran Fire Elementalist began the quest for
                  | the Orb.
     0 | D:1      | Reached XP level 1. HP: 14/14 MP: 5/5
   105 | D:2      | Reached XP level 2. HP: 20/20 MP: 3/6
   108 | D:2      | Learned a level 2 spell: Scorch
   163 | D:4      | Noticed a wight
   163 | D:4      | Noticed a wight
   163 | D:4      | Noticed a wight
   174 | D:3      | Slain by a wight

Illustrated notes

Levels and vault maps discovered:
D:1:      minmay_arrival_four_houses, layout_loops_cross,
          shapermc_ecumenical_altar_mp_highgroup, hex_large,
          serial_bayou_pond_e, minivault_11
D:2:      layout_loops_cross, uniq_natasha
D:3:      layout_loops_corners, chequers_temple_overflow_statue_of_worship
D:4:      layout_cave_pools

Action                   || total
-------------------------++-------
Melee: Unarmed           ||     5
 Cast: Foxfire           ||    12
       Scorch            ||     1
  Use: Scroll            ||     1
       Potion            ||     1
Armor: Skin              ||     1
Dodge: Dodged            ||     7
